 Dungeon Crawl Stone Soup version 0.22-a0-284-g99d1f74 (webtiles) character file.

210 vishdafish the Poker (level 5, 0/45 HPs)
             Began as a Draconian Warper on Mar 22, 2018.
             Succumbed to an orc wizard's poison
             ... on level 3 of the Dungeon.
             The game lasted 00:09:35 (3691 turns).

vishdafish the Poker (Draconian Warper)             Turns: 3691, Time: 00:09:36

Health: 0/45       AC:  8    Str: 13    XL:     5   Next: 56%
Magic:  8/8        EV: 13    Int: 15    God:
Gold:   104        SH:  0    Dex: 10    Spells: 8/8 levels left

rFire    . . .     SeeInvis .   a - +0 spear
rCold    . . .     Gourm    .   (no shield)
rNeg     + . .     Faith    .   (armour unavailable)
rPois    .         Spirit   .   (helmet restricted)
rElec    .         Reflect  .   (no cloak)
rCorr    .         Harm     .   (no gloves)
MR       .....                  q - +2 pair of boots
Stlth    +.........             (no amulet)
HPRegen  0.15/turn              h - ring of positive energy
MPRegen  0.11/turn              (no ring)

@: lethally poisoned (0 -> -27), slowed, very slow
A: unfitting armour, cold-blooded, AC +5
a: no special abilities


You were on level 3 of the Dungeon.
You were not hungry.

You visited 1 branch of the dungeon, and saw 3 of its levels.

You collected 104 gold pieces.

Inventory:

Hand Weapons
 a - a +0 spear (weapon)
 b - a +0 hunting sling
Missiles
 e - 2 tomahawks (quivered)
Armour
 q - a +2 pair of boots (worn)
Jewellery
 h - a ring of positive energy (left hand)
 j - an uncursed ring of flight
Scrolls
 c - a scroll of remove curse
 d - a scroll of enchant weapon {unknown}
 g - a scroll of noise
 l - 3 scrolls of immolation
 n - a scroll of teleportation
 p - a scroll of amnesia {unknown}
Comestibles
 f - 2 rations


   Skills:
 + Level 3.6 Fighting
 * Level 4.2 Polearms
 - Level 1.4 Throwing
 + Level 3.2 Dodging
 - Level 2.0 Spellcasting
   Level 3.0 Translocations


You had 8 spell levels left.
You didn't know any spells.

Dungeon Overview and Level Annotations

Branches:
Dungeon (3/15)

Altars:
The Shining One

Annotations:
D:2 1 runed door


Innate Abilities, Weirdness & Mutations

Your plain brown scales are hard. (AC +5)
You cannot fit into any form of body armour.
You are cold-blooded and may be slowed by cold attacks.


Message History

You aren't carrying any potions.
As you read the scroll of teleportation, it crumbles to dust.
You feel strangely unstable.
You feel very sick.
The orc wizard hits you but does no damage.
You are more poisoned.
The orc wizard hits you but does no damage.
You are more poisoned.
* * * LOW HITPOINT WARNING * * *
You feel very sick.
The orc wizard gestures wildly while chanting.
The orc wizard blinks!
The orc wizard misses you.
Your surroundings suddenly seem different.
* * * LOW HITPOINT WARNING * * *
You feel very sick.
Unknown command.
You aren't carrying any potions.
* * * LOW HITPOINT WARNING * * *
You feel very sick.
You die...

#..[# #.......# ##..#
#...# #....<..### ##†.##.
#...# #.........###..##..
#...# ###.#####.#...##..#
#...# #.# #...### .#.
#...# #.# ###...##..#
#...# #.#########..##..
#########..........#..##.
.......@.......(..##..##
########....[..... ##..#
#..........# ##..
#...........####.
######..#.#.#...)
#........... ..#.#.'.)..
........... ####...)...


There were no monsters in sight!

Vanquished Creatures
  A hound (D:2)
  Natasha (thrice) (D:2)
  A gnoll (D:2)
  2 oozes
  5 worms
  3 dart slugs
  3 leopard geckos
  3 ball pythons
  A giant cockroach (D:2)
  7 goblins
  7 hobgoblins
  9 jackals (D:2)
  6 kobolds
  5 bats
  2 frilled lizards
  A quokka zombie (D:3)
  8 rats
67 creatures vanquished.

Notes
Turn   | Place    | Note
-------+----------+-------------------------------------------
     0 | D:1      | vishdafish the Draconian Warper began the quest for the Orb.
     0 | D:1      | Reached XP level 1. HP: 17/17 MP: 3/3
     8 | D:1      | Reached skill level 1 in Throwing
    54 | D:1      | Reached XP level 2. HP: 25/25 MP: 5/5
   415 | D:1      | Reached XP level 3. HP: 30/30 MP: 6/6
   815 | D:2      | Reached skill level 3 in Polearms
   892 | D:2      | Noticed Natasha
  1375 | D:2      | Reached XP level 4. HP: 12/38 MP: 7/7
  1712 | D:2      | Killed Natasha
  2020 | D:2      | Noticed Natasha
  2038 | D:2      | Killed Natasha
  2038 | D:2      | Reached XP level 5. HP: 9/45 MP: 8/8
  2529 | D:2      | Found a runed door.
  2567 | D:2      | Noticed Natasha
  2577 | D:2      | Killed Natasha
  2577 | D:2      | Reached skill level 4 in Polearms
  3575 | D:3      | Found a glowing golden altar of the Shining One.
  3690 | D:3      | HP: 2/45 [poisoned by an orc wizard]
  3691 | D:3      | Succumbed to an orc wizard's poison

Vault maps used:
D:1:      minmay_arrival_arboretum_small, grunt_decor_cap
D:2:      serial_corexii_hall, corexii_hall_statues_i, corexii_hall_statues_x,
          corexii_hall_statues_s, corexii_hall_statues_s, serial_bayou_pond_b,
          uniq_crazy_yiuf_cottage, uniq_natasha
D:3:      gammafunk_temple_overflow_pools, serial_glass, glass_columns_a,
          glass_columns_b, glass_columns_a, glass_columns_b, glass_columns_a,
          glass_columns_c, glass_columns_b, glass_columns_b, first_ration,
          tso_metal_star

Skill      XL: |  1  2  3  4  5 |
---------------+----------------+-----
Throwing       | 1 |  1.4
Polearms       | 3 4 |  4.2
Fighting       | 3 |  3.6
Dodging        | 3 |  3.2
Spellcasting   | |  2.0
Translocations | |  3.0

Action                   |  1- 3 |  4- 6 || total
-------------------------+-------+-------++-------
Melee: Spear             |   170 |   194 ||   364
       Tailslap          |     8 |    16 ||    24
Throw: Tomahawk          |     4 |    11 ||    15
  Use: Scroll            |     2 |     4 ||     6
       Potion            |     1 |     2 ||     3
  Eat: Chunk             |     2 |     1 ||     3
       Ration            |       |     2 ||     2
Armor: Skin              |    35 |    77 ||   112
Dodge: Dodged            |    75 |   104 ||   179

Table legend:
 A = Spawn XP
 B = Non-spawn XP
 C = Spawn XP percentage of total XP
 D = Spawn monster count
 E = Non-spawn monster count
 F = Spawn count percentage of total count
 G = Total turns spent on level
                    A         B        C        D         E        F      G
               +---------+---------+-------+---------+---------+-------+---------
         Total |       0 |     300 |   0.0 |       0 |      67 |   0.0 |  3691
               +---------+---------+-------+---------+---------+-------+---------
           D:1 |       0 |      44 |   0.0 |       0 |      22 |   0.0 |  1663
           D:2 |       0 |     231 |   0.0 |       0 |      36 |   0.0 |  1833
           D:3 |       0 |      25 |   0.0 |       0 |       9 |   0.0 |   195
               +---------+---------+-------+---------+---------+-------+---------
